[Event "*** SCC Grand Prix: Titled Tuesday Blitz"]
[Site "Chess.com"]
[Date "2020.08.25"]
[Round "6"]
[White "margarita_2703"]
[Black "m_ezat"]
[Result "0-1"]
[WhiteElo "2397"]
[BlackElo "2566"]
[TimeControl "180+1"]
[EndTime "11:07:03 PDT"]
[Termination "m_ezat won by resignation"]

1. d4 Nf6 2. Nf3 g6 3. c4 Bg7 4.
Nc3 O-O 5. e4 d6 6. Be2 e5 7.
O-O Nc6 8. d5 Ne7 9. b4 c6 10. a4 a5 11. Ba3 axb4 12. Bxb4 c5 13. Ba3 Nd7 14. Nb5 Ra6 15. Re1 h6 16. Rb1 f5 17. Nd2 Nf6 18. f3 f4 19. Nb3 g5 20.
Nxd6 Qxd6 21. Nxc5 Ra5 22. Nxb7 Qxa3 23. Nxa5 Qc5+ 24.
Kh1 Qxa5 25. Rb5 Qd8 26. c5 Ba6 27. Rb6 Bxe2 28. Rxe2 Nd7 29. Rc6 Nxc6 30. dxc6 Nxc5 31. Qd5+ Kh7 32. Qxc5 Qd1+ 33. Qg1 Qxe2 34. c7 Qc2 0-1

[Event "*** SCC Grand Prix: Titled Tuesday Blitz"]
[Site "Chess.com"]
[Date "2020.08.25"]
[Round "6"]
[White "Ausbildung"]
[Black "sertalzin"]
[Result "1-0"]
[WhiteElo "2251"]
[BlackElo "1867"]
[TimeControl "180+1"]
[EndTime "11:07:05 PDT"]
[Termination "Ausbildung won on time"]

1. e4 c5 2. c4 Nc6 3. Nc3 e6 4. Nf3 Nf6 5. Be2 d5 6. exd5 exd5 7. cxd5 Nxd5 8. d4 cxd4 9. Nxd4 Nxc3 10. bxc3 Nxd4 11.
cxd4 Bb4+ 12. Bd2 Bxd2+ 13. Qxd2 O-O 14. O-O Be6 15. Rab1 Bd5 16. Rfd1 Qd7 17. Qf4 Bxa2 18. Ra1 Bd5 19. Ra5 b6 20. Ra3 Rfd8 21. Rg3 g6 22. h4 Qd6 23. Qg5 Rac8 24. h5 Rc2 25. Bd3 Rc7 26.
Qh6 Qb4 27. hxg6 fxg6 28. Bxg6 1-0

[Event "*** SCC Grand Prix: Titled Tuesday Blitz"]
[Site "Chess.com"]
[Date "2020.08.25"]
[Round "6"]
[White "ZarinaShafigullina"]
[Black "SzMM19"]
[Result "1/2-1/2"]
[WhiteElo "2312"]
[BlackElo "2532"]
[TimeControl "180+1"]
[EndTime "11:07:06 PDT"]
[Termination "Game drawn by repetition"]

1. d4 Nf6 2. Nf3 e6 3. g3 b6 4.
Bg2 Bb7 5. O-O Be7 6. c4 O-O 7. Nc3 Ne4 8. Bd2 Nxd2 9. Qxd2 d6 10. d5 e5 11. e4 Bc8 12. Ne1 a5 13. Nd3 f5 14. f4 exf4 15. Nxf4 Bg5 16. exf5 Bxf5 17. Ne4 Bxe4 18. Bxe4 Bxf4 19. Rxf4 Rxf4 20. Qxf4 Nd7 21. Bf5 Nf6 22. Be6+ Kh8 23. g4 h6 24. h4 Nh7 25.
Qf2 Qe7 26. Re1 Rf8 27. Qg3 Qf6 28. b3 Qd4+ 29. Kh1 a4 30. Bf5 axb3 31. axb3 Nf6 32. Qe3 Qxe3 33. Rxe3 h5 34. g5 Nxd5 35. cxd5 Rxf5 36. g6 Kg8 37. Re8+ Rf8 38. Re7 Rf6 39. Re8+ Rf8 40. Re7 Rf6 41. Re8+ Rf8 1/2-1/2

[Event "*** SCC Grand Prix: Titled Tuesday Blitz"]
[Site "Chess.com"]
[Date "2020.08.25"]
[Round "6"]
[White "allvim"]
[Black "binbin239"]
[Result "1-0"]
[WhiteElo "2431"]
[BlackElo "2573"]
[TimeControl "180+1"]
[EndTime "11:07:07 PDT"]
[Termination "allvim won by checkmate"]

1. e4 c5 2. Nf3 Nc6 3. Nc3 g6 4. d4 cxd4 5. Nxd4 Bg7 6. Nxc6 bxc6 7. Be3 Nf6 8. Be2 O-O 9. O-O d5 10. exd5 cxd5 11. Bd4 e6 12. Re1 Rb8 13. Rb1 Qe7 14.
Bf1 Rd8 15. h3 Bb7 16. Bxa7 Ra8 17. Bd4 Ne8 18. Bxg7 Nxg7 19. a3 d4 20. Ne4 Nf5 21. Bd3 Rab8 22. Qe2 Bd5 23. Bc4 Bxc4 24. Qxc4 Rdc8 25.
Qd3 Qc7 26. c3 dxc3 27. Nxc3 Rd8 28. Qe2 Rb3 29. Rbd1 Rdb8 30. Rd2 Qb6 31. Nd1 Qc5 32. Qe5 Qc6 33. Ne3 R8b5 34. Rd8+ Qe8 35. Rxe8# 1-0

[Event "*** SCC Grand Prix: Titled Tuesday Blitz"]
[Site "Chess.com"]
[Date "2020.08.25"]
[Round "6"]
[White "kleopl"]
[Black "secretsuperstar7"]
[Result "0-1"]
[WhiteElo "2437"]
[BlackElo "2206"]
[TimeControl "180+1"]
[EndTime "11:07:07 PDT"]
[Termination "secretsuperstar7 won by checkmate"]

1. c4 e6 2. Nc3 d5 3. d4 Bb4 4.
Qc2 Nf6 5. a3 Bxc3+ 6. Qxc3 O-O 7. Bg5 dxc4 8. e3 b6 9. Bxc4 Bb7 10. Nf3 Nbd7 11. O-O h6 12. Bf4 Ne4 13. Qc2 c5 14. Bd3 Ndf6 15. Rfd1 cxd4 16. Nxd4 Qe7 17. Be5 Rac8 18.
Qa4 Nc5 19. Qxa7 Nd5 20. Nb5 Ra8 21. Bd6 Qd7 22. Bxf8 Nxd3 23. Qxa8 Bxa8 24. Rxd3 Qxb5 25. Rxd5 Qxd5 26. Bb4 Qxg2# 0-1

[Event "*** SCC Grand Prix: Titled Tuesday Blitz"]
[Site "Chess.com"]
[Date "2020.08.25"]
[Round "6"]
[White "j2806"]
[Black "winniethepooh04"]
[Result "0-1"]
[WhiteElo "2026"]
[BlackElo "2167"]
[TimeControl "180+1"]
[EndTime "11:07:09 PDT"]
[Termination "winniethepooh04 won by resignation"]

1. e4 c5 2. Nf3 d6 3. d4 cxd4 4. Nxd4 Nf6 5. Nc3 a6 6. Be3 e6 7.
f3 Be7 8. Qd2 O-O 9. O-O-O Qc7 10.
g4 b5 11. h4 b4 12. Nce2 d5 13. g5 Nfd7 14. exd5 exd5 15. Nf5 Bc5 16. Qxd5 Bxe3+ 17. Nxe3 Bb7 18. Qf5 Ne5 19. Bg2 Nc4 20. Qd3 Nxe3 21. Qxe3 Nd7 22. Kb1 Nb6 23. Nd4 Rac8 24. Qb3 a5 25.
Nb5 Qf4 26. Rd4 Qg3 27. Rg4 Qf2 28. Rf1 Qe2 29. Nd6 Bxf3 30. Nxc8 Rxc8 31. Rc1 Bxg4 32.
Bb7 Be6 33. Qg3 Rf8 34. Qc7 Nc4 35. Ba6 Nd2+ 36. Ka1 Qxa6 0-1

[Event "*** SCC Grand Prix: Titled Tuesday Blitz"]
[Site "Chess.com"]
[Date "2020.08.25"]
[Round "6"]
[White "Firouzja2003"]
[Black "Barmen_EV"]
[Result "1-0"]
[WhiteElo "2977"]
[BlackElo "2465"]
[TimeControl "180+1"]
[EndTime "11:07:11 PDT"]
[Termination "Firouzja2003 won on time"]

1. e4 c5 2. Nf3 Nc6 3. Bb5 e6 4. Bxc6 bxc6 5. d3 Ne7 6. Qe2 Ng6 7. h4 h5 8. e5 Be7 9. Nc3 f6 10. Bd2 O-O 11. exf6 gxf6 12. Ng1 Kg7 13. Qxh5 Rh8 14. Qe2 Nxh4 15. O-O-O d5 16. Nf3 Ng6 17. g4 e5 18. g5 Bg4 19. gxf6+ Bxf6 20. Rhg1 Qd7 21. Nxe5 Nxe5 22. f3 Rae8 23. Qg2 Rh4 24. fxg4 Rxg4 25. Qf2 Rg8 26. Qxc5 Kf7 27. Rgf1 R8g6 28. Rde1 Kg7 29.
Rxe5 Bxe5 30. Qf8+ 1-0

[Event "*** SCC Grand Prix: Titled Tuesday Blitz"]
[Site "Chess.com"]
[Date "2020.08.25"]
[Round "6"]
[White "Artooooo"]
[Black "Falcon28dz"]
[Result "0-1"]
[WhiteElo "2750"]
[BlackElo "2146"]
[TimeControl "180+1"]
[EndTime "11:07:11 PDT"]
[Termination "Falcon28dz won by resignation"]

1. e4 e6 2. Nc3 d5 3. d4 Nf6 4.
Bg5 Be7 5. e5 Nfd7 6. h4 h6 7.
Bxe7 Qxe7 8. Qg4 O-O 9. Nf3 c5 10. O-O-O Nc6 11. Nb5 a6 12. Nd6 cxd4 13. Nxc8 Raxc8 14. Qf4 f6 15. exf6 Rxf6 16. Qd2 e5 17. Kb1 Rcf8 18.
Be2 Nc5 19. Qe1 Rf4 20. h5 Ne4 21. a3 Qc5 22. Rh3 Nc3+ 23. bxc3 dxc3 24. Nxe5 Qb6+ 25.
Bb5 Qxb5+ 0-1

[Event "*** SCC Grand Prix: Titled Tuesday Blitz"]
[Site "Chess.com"]
[Date "2020.08.25"]
[Round "6"]
[White "stolencandy13"]
[Black "GMHess"]
[Result "0-1"]
[WhiteElo "2506"]
[BlackElo "2785"]
[TimeControl "180+1"]
[EndTime "11:07:12 PDT"]
[Termination "GMHess won by resignation"]

1. d4 b6 2. e3 Bb7 3. Nf3 f5 4. Bd3 Nf6 5. b3 g6 6. Bb2 Bg7 7. Nbd2 O-O 8. O-O d6 9. Ng5 Qd7 10. Bc4+ d5 11. Bd3 Ne4 12. Ngf3 Nc6 13. a3 e6 14. c4 Ne7 15. Qe2 Qe8 16. Ne5 g5 17. f4 Bxe5 18. dxe5 Nxd2 19. Qxd2 Rd8 20. Qf2 Qg6 21. Rad1 c5 22. Qg3 dxc4 23. Bxc4 Bd5 24. fxg5 Rd7 25. h4 Rfd8 26. Bb5 Bc6 27. Rxd7 Rxd7 28. Bc4 b5 29. h5 Qf7 30. g6 hxg6 31. hxg6 Nxg6 32. Be2 Rd2 33. Bh5 Rxg2+ 34. Qxg2 Bxg2 35. Kxg2 Nh4+ 36. Kh3 Qxh5 37. Rf4 Ng6+ 0-1

[Event "*** SCC Grand Prix: Titled Tuesday Blitz"]
[Site "Chess.com"]
[Date "2020.08.25"]
[Round "6"]
[White "VinzentSpitzl"]
[Black "pastouche06"]
[Result "1/2-1/2"]
[WhiteElo "2380"]
[BlackElo "2506"]
[TimeControl "180+1"]
[EndTime "11:07:12 PDT"]
[Termination "Game drawn by agreement"]

1. e4 c6 2. Nf3 d5 3. Nc3 Bg4 4. h3 Bxf3 5. Qxf3 e6 6. g3 Nd7 7. Bg2 Bc5 8. O-O Ngf6 9. Rd1 Bd4 10. exd5 cxd5 11. Ne2 Bb6 12. d4 O-O 13. Bg5 h6 14. Bf4 Bc7 15. c3 Bxf4 16. Nxf4 Ne4 17. Nd3 Qc7 18.
Qe3 Nd6 19. Rac1 a5 20. Qe2 b5 21. Ne5 Nxe5 22. dxe5 Nc4 23. b3 Nb6 24. Qxb5 a4 25.
c4 axb3 26. axb3 Rac8 27. cxd5 Qxc1 28. Rxc1 Rxc1+ 29. Kh2 Nxd5 30. Bxd5 exd5 31. Qxd5 Rb8 32. e6 fxe6 33. Qxe6+ Kh8 34. h4 Rb1 35. h5 R1xb3 36. Kh3 R3b6 37. Qe5 Rf8 38. f4 Rbf6 1/2-1/2

[Event "*** SCC Grand Prix: Titled Tuesday Blitz"]
[Site "Chess.com"]
[Date "2020.08.25"]
[Round "6"]
[White "ChessWarrior7197"]
[Black "penguingm1"]
[Result "1-0"]
[WhiteElo "2932"]
[BlackElo "2988"]
[TimeControl "180+1"]
[EndTime "11:07:14 PDT"]
[Termination "ChessWarrior7197 won on time"]

1. e4 e5 2. Nf3 Nc6 3. Bc4 Bc5 4. O-O Nf6 5. d4 Bxd4 6. Nxd4 Nxd4 7. Bg5 d6 8. f4 Qe7 9. Na3 Rg8 10. Kh1 Be6 11.
fxe5 dxe5 12. Bxf6 gxf6 13. c3 Bg4 14. Qe1 Ne6 15. Nc2 Nf4 16. Ne3 O-O-O 17. Qf2 Rg6 18. Nxg4 Rxg4 19. Qxa7 Rd2 20. g3 Qd6 21. Qa8+ Kd7 22. Bxf7 Qe7 23. Rad1 Rd6 24. Rxd6+ Kxd6 25. Rd1+ Kc6 26. Be8+ Kb6 27. b4 1-0

[Event "*** SCC Grand Prix: Titled Tuesday Blitz"]
[Site "Chess.com"]
[Date "2020.08.25"]
[Round "6"]
[White "krasavetc"]
[Black "mr65"]
[Result "0-1"]
[WhiteElo "2289"]
[BlackElo "2177"]
[TimeControl "180+1"]
[EndTime "11:07:14 PDT"]
[Termination "mr65 won on time"]

1. Nf3 Nf6 2. c4 g6 3. d4 Bg7 4. Nc3 O-O 5. e4 d6 6. Be2 Na6 7.
O-O e5 8. dxe5 dxe5 9. Bg5 h6 10.
Bh4 g5 11. Bg3 Qxd1 12. Rfxd1 Nc5 13. Bd3 Bg4 14. Bxe5 Rfe8 15. Bxc7 Nfxe4 16. Nd5 Nxd3 17. Rxd3 Bxb2 18. Rb1 Bg7 0-1

[Event "*** SCC Grand Prix: Titled Tuesday Blitz"]
[Site "Chess.com"]
[Date "2020.08.25"]
[Round "6"]
[White "SerGo055"]
[Black "poppy73"]
[Result "0-1"]
[WhiteElo "2456"]
[BlackElo "2251"]
[TimeControl "180+1"]
[EndTime "11:07:15 PDT"]
[Termination "poppy73 won by checkmate"]

1. d4 Nf6 2. Nf3 g6 3. c4 Bg7 4. Nc3 d6 5. Bg5 O-O 6. Qd2 c5 7. d5 Nbd7 8. Bh6 a6 9. h4 Bxh6 10. Qxh6 Ng4 11. Qd2 h5 12. e4 Nde5 13. Be2 Kg7 14. Ng5 f6 15. Nh3 Nh6 16. Nf4 Bd7 17. f3 Rb8 18. Nd3 Nxc4 19. Qc1 Ne5 20. Nxe5 fxe5 21.
Nd1 Qa5+ 22. Kf2 Ng4+ 23. Kg1 Qe1+ 24. Bf1 Bb5 25. Nc3 Qf2# 0-1

[Event "*** SCC Grand Prix: Titled Tuesday Blitz"]
[Site "Chess.com"]
[Date "2020.08.25"]
[Round "6"]
[White "Schandenfreude"]
[Black "SGchess01"]
[Result "0-1"]
[WhiteElo "2499"]
[BlackElo "2730"]
[TimeControl "180+1"]
[EndTime "11:07:16 PDT"]
[Termination "SGchess01 won by resignation"]

1. Nf3 Nf6 2. c4 e6 3. g3 d5 4. Bg2 dxc4 5. O-O a6 6. Na3 Bxa3 7. bxa3 b5 8. a4 O-O 9. Rb1 c6 10. Ba3 Re8 11. Ne5 Qc7 12. f4 Bb7 13. d3 c5 14.
Bxb7 Qxb7 15. Nxc4 b4 16. Nd6 Qc6 17. Nxe8 Nxe8 18.
Bb2 Nd7 19. Qc2 a5 20. Rbc1 Rc8 21. a3 Nd6 22. axb4 axb4 23. e4 Ra8 24. Ra1 Ra5 25.
Rfc1 Nb6 26. Qf2 Nxa4 27. Be5 Ne8 28. Qc2 f6 29. Bd4 Qb5 30. Bxc5 Qxc5+ 31. Qxc5 Rxc5 32. Rxc5 Nxc5 33. Rd1 Nd6 34. Kf2 b3 35. Ke3 Nb5 36.
Kd2 b2 37. Rb1 Na4 38. Kc2 Na3+ 0-1

[Event "*** SCC Grand Prix: Titled Tuesday Blitz"]
[Site "Chess.com"]
[Date "2020.08.25"]
[Round "6"]
[White "northridgehawk"]
[Black "Margarita2907"]
[Result "1-0"]
[WhiteElo "2289"]
[BlackElo "2089"]
[TimeControl "180+1"]
[EndTime "11:07:16 PDT"]
[Termination "northridgehawk won by resignation"]

1. e4 c5 2. Nf3 d6 3. d4 cxd4 4. Nxd4 Nf6 5. Nc3 a6 6. Qf3 e6 7. h3 Nbd7 8. g4 Ne5 9. Qg2 h6 10. f4 Ned7 11. Be3 e5 12. Nde2 exf4 13. Nxf4 Ne5 14.
O-O-O Be7 15. Be2 Qa5 16. Nfd5 Nxd5 17. Rxd5 Qc7 18. Rhd1 Be6 19. h4 Rc8 20. R1d2 Bxd5 21. Nxd5 Qd8 22. g5 hxg5 23. hxg5 Nc4 24. Bxc4 Rxc4 25.
b3 Rc8 26. Kb2 Bf8 27. Bd4 Rh5 28. g6 f6 29. Bxf6 gxf6 30. g7 Bxg7 31. Qxg7 Qd7 32. Nxf6+ 1-0

[Event "*** SCC Grand Prix: Titled Tuesday Blitz"]
[Site "Chess.com"]
[Date "2020.08.25"]
[Round "6"]
[White "korbul"]
[Black "karwowskikacper"]
[Result "1-0"]
[WhiteElo "2545"]
[BlackElo "2409"]
[TimeControl "180+1"]
[EndTime "11:07:18 PDT"]
[Termination "korbul won by resignation"]

1. e4 c5 2. Nf3 e6 3. d4 cxd4 4. Nxd4 Nc6 5. Nc3 a6 6. Be2 Qc7 7. a3 Nf6 8. f4 d6 9. Bf3 Bd7 10. Be3 h5 11. Qe2 Ng4 12. Bg1 Nxd4 13. Bxd4 e5 14.
Nd5 Qc6 15. Bc3 Be6 16. h3 Nh6 17. O-O-O f6 18. Bxh5+ Nf7 19. g4 Rc8 20. Kb1 Bxd5 21. exd5 Qc4 22. Qxc4 Rxc4 23. fxe5 dxe5 24. d6 Rxh5 25.
d7+ Kd8 26. gxh5 b6 27. Rhg1 Rc7 28. Bb4 Bxb4 29. axb4 Ng5 30. h4 Ne6 31. h6 gxh6 32. Rg8+ Ke7 33. Re8+ Kf7 34. Rxe6 Rxd7 35. Rxf6+ Kxf6 36. Rxd7 1-0

[Event "*** SCC Grand Prix: Titled Tuesday Blitz"]
[Site "Chess.com"]
[Date "2020.08.25"]
[Round "6"]
[White "Tssunami"]
[Black "tdf98pantani"]
[Result "0-1"]
[WhiteElo "2349"]
[BlackElo "2647"]
[TimeControl "180+1"]
[EndTime "11:07:18 PDT"]
[Termination "tdf98pantani won by resignation"]

1. c4 f5 2. Nc3 Nf6 3. d4 g6 4. h4 d6 5. h5 Bg7 6. h6 Bf8 7. d5 e5 8. Bg5 Be7 9. Nf3 Na6 10.
Qc2 Nc5 11. b4 Nce4 12. Nxe4 Nxe4 13. Bxe7 Qxe7 14. e3 a5 15. b5 O-O 16. Bd3 Nc5 17.
Be2 f4 18. e4 g5 19. Nd2 a4 20. f3 Kh8 21. O-O-O Rg8 22. g4 fxg3 23. Rdg1 Bd7 24. Rxg3 Rg6 25. Nf1 Qf6 26. Qd2 Rag8 27. Rhg1 Qf4 28.
Qxf4 gxf4 29. Rxg6 Rxg6 30. Rh1 Rg2 31. Kd2 Nxe4+ 32.
fxe4 f3 33. Ke3 fxe2 34. Nd2 Bg4 35. Nf3 Rg3 36. Kxe2 Rxf3 37. Rg1 Rg3+ 38. Kf2 Rxg1 39.
Kxg1 Be2 40. c5 Bxb5 0-1

[Event "*** SCC Grand Prix: Titled Tuesday Blitz"]
[Site "Chess.com"]
[Date "2020.08.25"]
[Round "6"]
[White "Yana_pro"]
[Black "Srisshhhtea"]
[Result "1-0"]
[WhiteElo "2101"]
[BlackElo "2271"]
[TimeControl "180+1"]
[EndTime "11:07:21 PDT"]
[Termination "Yana_pro won by resignation"]

1. Nf3 Nf6 2. g3 g6 3. Bg2 Bg7 4. O-O O-O 5. b3 d6 6. Bb2 e5 7. d3 Nc6 8. c4 Bd7 9. Nbd2 h6 10. a3 Nh7 11. b4 f5 12. b5 Ne7 13. Nb3 c6 14. a4 g5 15. c5 Be6 16. d4 e4 17.
cxd6 Qxd6 18. Ne5 Nd5 19. Ba3 Qc7 20. Bxf8 Nxf8 21. bxc6 bxc6 22. Rc1 Bxe5 23. dxe5 Qxe5 24. Qd4 Qc7 25. Qc5 Rc8 26. Nd4 Bd7 27. Rfd1 Ne6 28. Nxe6 Bxe6 29. e3 Qf7 30. Bf1 Nb6 31. a5 Nd7 32.
Qxa7 Bd5 33. Bc4 Bxc4 34. Rxd7 1-0

[Event "*** SCC Grand Prix: Titled Tuesday Blitz"]
[Site "Chess.com"]
[Date "2020.08.25"]
[Round "6"]
[White "monalize"]
[Black "NiranjanNavalgund"]
[Result "0-1"]
[WhiteElo "2277"]
[BlackElo "2441"]
[TimeControl "180+1"]
[EndTime "11:07:24 PDT"]
[Termination "NiranjanNavalgund won on time"]

1. e4 d6 2. d4 Nf6 3. Nc3 e5 4. dxe5 dxe5 5. Qxd8+ Kxd8 6. a3 h6 7. Nf3 Nc6 8. h3 Be6 9. Be3 a6 10. O-O-O+ Kc8 11. g3 Be7 12. Bg2 Rd8 13. Nh4 Kb8 14. Nf5 Bf8 15. g4 b6 16. Nd5 Ne8 17. Rd3 Kb7 18. Rhd1 Rd7 19. c4 Na5 20. Rc3 Rad8 21. Re1 Bc5 22. Bd2 Bd4 23. Nxd4 exd4 24. Rc2 Nb3+ 25.
Kb1 d3 26. Rc3 Nxd2+ 27. Kc1 Nxc4 28. Rxc4 c6 29. Rb4 cxd5 30. exd5 Bxd5 31. Bxd5+ Rxd5 32. Re7+ Nc7 33. Kd2 Rc5 34. Rxf7 Rc2+ 35. Kd1 a5 36.
Rb3 Rc5 37. f4 a4 38. Rc3 Rxc3 39. bxc3 g6 40. Kd2 Kc6 41. Rh7 Nb5 42. Rxh6 Nxa3 43. Rxg6+ Kb7 44. Rg7+ Ka6 45. Rc7 b5 46. f5 Nc4+ 47.
Kd1 d2 0-1

[Event "*** SCC Grand Prix: Titled Tuesday Blitz"]
[Site "Chess.com"]
[Date "2020.08.25"]
[Round "6"]
[White "Violord"]
[Black "wonderfultime"]
[Result "1/2-1/2"]
[WhiteElo "2663"]
[BlackElo "2888"]
[TimeControl "180+1"]
[EndTime "11:07:25 PDT"]
[Termination "Game drawn by agreement"]

1. e4 c5 2. Nf3 Nf6 3. e5 Nd5 4. Nc3 e6 5. Nxd5 exd5 6. d4 Nc6 7. c3 cxd4 8. Nxd4 d6 9. exd6 Bxd6 10. Be2 O-O 11. O-O Re8 12. Bf3 Qf6 13. Be3 Be6 14. Nxe6 fxe6 15. g3 Bc7 16. Bg2 Rad8 17. Qb3 Na5 18.
Qb5 a6 19. Qe2 Nc4 20. Bd4 e5 21. Bxd5+ Rxd5 22. Qxc4 Qf7 23. Be3 b5 24. Qe4 Red8 25. a4 bxa4 26. Rxa4 a5 27. Raa1 h6 28. b4 axb4 29.
cxb4 Bd6 30. Qc4 Rb8 31. Ra5 Rdb5 32. Qxb5 Rxb5 33. Rxb5 Qc4 34. Rb6 Bxb4 35. Rc1 Qe4 36. Rb5 Be7 1/2-1/2

[Event "*** SCC Grand Prix: Titled Tuesday Blitz"]
[Site "Chess.com"]
[Date "2020.08.25"]
[Round "6"]
[White "rynos0411"]
[Black "vovachesss"]
[Result "0-1"]
[WhiteElo "2431"]
[BlackElo "2593"]
[TimeControl "180+1"]
[EndTime "11:07:27 PDT"]
[Termination "vovachesss won by resignation"]

1. e4 c6 2. d4 d5 3. exd5 cxd5 4. Be2 Nf6 5. Nf3 Nc6 6. O-O Bg4 7. c3 e6 8. h3 Bh5 9. Nbd2 Bd6 10.
Ne5 Bxe2 11. Qxe2 Bxe5 12. dxe5 Nd7 13. f4 O-O 14. Nf3 f6 15. exf6 Qxf6 16. Be3 Rae8 17.
Rae1 h6 18. Qb5 Rb8 19. g3 a6 20. Qe2 Rbe8 21. Kg2 Qg6 22. Nd4 Nf6 23. Nxc6 bxc6 24. Bc5 Ne4 25. Bf2 e5 26. Qg4 Qxg4 27. hxg4 exf4 28.
Bd4 fxg3 29. c4 Rxf1 30. Rxf1 Nd2 31. Rd1 Nxc4 32. Kxg3 Re2 33. b3 Nd6 34. Rc1 Rxa2 35. Rxc6 Ne4+ 36. Kf4 Ra3 37. Rb6 a5 38. Rb7 g5+ 39. Kf5 Nd6+ 0-1

[Event "*** SCC Grand Prix: Titled Tuesday Blitz"]
[Site "Chess.com"]
[Date "2020.08.25"]
[Round "6"]
[White "Kopytkin"]
[Black "Bubachess1608"]
[Result "0-1"]
[WhiteElo "2416"]
[BlackElo "2266"]
[TimeControl "180+1"]
[EndTime "11:07:28 PDT"]
[Termination "Bubachess1608 won by resignation"]

1. e4 c5 2. d4 cxd4 3. c3 Nf6 4. e5 Nd5 5. Nf3 Nc6 6. Bc4 Nb6 7. Bb3 d5 8. cxd4 Bg4 9. Be3 e6 10. Nbd2 Be7 11.
h3 Bh5 12. a3 O-O 13. g4 Bg6 14. h4 h5 15. g5 Rc8 16. Rg1 Na5 17. Ba2 Nac4 18. Nxc4 Nxc4 19. Qe2 Nxe3 20. Qxe3 Qb6 21. Qb3 Qa5+ 22. Kf1 b5 23. Kg2 Be4 24. Rac1 g6 25.
Kg3 Bxf3 26. Kxf3 b4 27. a4 Rc4 28. Qd3 Rxc1 29. Rxc1 Qxa4 30. Bb3 Qd7 31. Qc2 Bd8 32. Ba4 Qb7 33. Qc6 Qb8 34. b3 Bb6 35. Ke3 a5 36. Kd3 Qa7 37. f4 Bxd4 38. Qc7 Qxc7 39. Rxc7 Bf2 40. Ke2 Bxh4 41. Rc1 d4 42. Kf3 d3 43.
Rd1 Rd8 44. Ke3 d2 45. Rxd2 Rxd2 46. Kxd2 Bg3 47. Ke3 h4 48. Kf3 Be1 49. Kg4 Bd2 50. Bb5 h3 51. Bf1 h2 52. Bg2 Kf8 53. Be4 Ke7 54. Bh1 Kd7 55. Bg2 Kc7 56. Bh1 Kb6 57. Kf3 Kc5 58. Kg4 Kd4 59. Bc6 a4 60.
bxa4 b3 0-1

[Event "*** SCC Grand Prix: Titled Tuesday Blitz"]
[Site "Chess.com"]
[Date "2020.08.25"]
[Round "6"]
[White "annamaja"]
[Black "Euge_chess"]
[Result "0-1"]
[WhiteElo "2240"]
[BlackElo "2078"]
[TimeControl "180+1"]
[EndTime "11:07:28 PDT"]
[Termination "Euge_chess won by resignation"]

1. e4 e5 2. Nf3 Nc6 3. Bb5 Nf6 4. d3 Bc5 5. c3 d6 6. O-O O-O 7. Bg5 h6 8. Bh4 Bg4 9. Nbd2 g5 10. Bg3 Ne7 11. h3 Bd7 12. Bxd7 Qxd7 13. d4 exd4 14. cxd4 Bb6 15. e5 Nh5 16. Bh2 Nf4 17. Ne4 Qf5 18.
Nf6+ Kh8 19. Bxf4 Qxf4 20. Qc2 Ng6 21. Qd3 dxe5 22. Nxe5 Qxf6 23. Nd7 Qxd4 24. Qxd4+ Bxd4 25. Nxf8 Rxf8 26. Rfd1 c5 27. Rac1 Re8 28. b4 b6 29.
bxc5 bxc5 30. Rc2 Nf4 31. Rb1 Kg7 32. Rb8 Rxb8 0-1

[Event "*** SCC Grand Prix: Titled Tuesday Blitz"]
[Site "Chess.com"]
[Date "2020.08.25"]
[Round "6"]
[White "Kildepiotr"]
[Black "dretch"]
[Result "1-0"]
[WhiteElo "2644"]
[BlackElo "2754"]
[TimeControl "180+1"]
[EndTime "11:07:30 PDT"]
[Termination "Kildepiotr won on time"]

1. Nf3 d5 2. g3 Bg4 3. Bg2 Nd7 4.
O-O e6 5. d3 c6 6. Nbd2 Bd6 7.
e4 Ne7 8. h3 Bh5 9. Qe1 O-O 10.
Nh4 e5 11. Nb3 a5 12. a4 Qb6 13. Be3 Qc7 14. g4 Bg6 15. Nf5 Bxf5 16. gxf5 g6 17. Bh6 Rfe8 18. Qe3 Kh8 19. Qg5 Ng8 20. fxg6 fxg6 21. Qh4 Nxh6 22. Qxh6 dxe4 23. Bxe4 Nf6 24. Nd2 Rf8 25. Kh1 Ng8 26. Qe3 Rf4 27. Qg3 Raf8 28.
f3 Nf6 29. Nc4 Nh5 30. Qg5 Qd7 31. Kh2 Bc7 32. Rg1 R8f5 33. Qh6 Rh4 34. Rg4 Bd8 35.
Rag1 Rf4 36. Nxe5 1-0

[Event "*** SCC Grand Prix: Titled Tuesday Blitz"]
[Site "Chess.com"]
[Date "2020.08.25"]
[Round "6"]
[White "Savva09022009"]
[Black "evgenyermolaev"]
[Result "0-1"]
[WhiteElo "2317"]
[BlackElo "2472"]
[TimeControl "180+1"]
[EndTime "11:07:30 PDT"]
[Termination "evgenyermolaev won by checkmate"]

1. e4 c5 2. Nf3 d6 3. d4 cxd4 4.
Nxd4 Nf6 5. Nc3 a6 6. Be3 e6 7. f3 b5 8. Qd2 Nbd7 9. O-O-O Nb6 10.
g4 Bb7 11. h4 Rc8 12. h5 Nfd7 13.
g5 b4 14. Nb1 d5 15. Bg2 Ne5 16. Qf2 Nbc4 17. Bf4 Bd6 18. exd5 Nd3+ 19. Rxd3 Bxf4+ 20. Nd2 Nxd2 21. Rxd2 Qxd5 22. Rd1 Qxa2 23. Nb3 Qxb3 24. Kb1 Qe3 25. Qf1 Bxg5 26. Rd7 Bc6 27. R7d6 O-O 28. Qxa6 Bd5 29. Qb5 Ra8 30. b3 Bxb3 31. h6 Ba2+ 32. Kb2 Qc3# 0-1

[Event "*** SCC Grand Prix: Titled Tuesday Blitz"]
[Site "Chess.com"]
[Date "2020.08.25"]
[Round "6"]
[White "WPWPWP-2015"]
[Black "Kira170"]
[Result "1-0"]
[WhiteElo "2482"]
[BlackElo "2632"]
[TimeControl "180+1"]
[EndTime "11:07:32 PDT"]
[Termination "WPWPWP-2015 won by checkmate"]

1. e4 e6 2. d4 d5 3. Nc3 Nf6 4. Bg5 Be7 5. exd5 exd5 6. Bd3 O-O 7. Nge2 c5 8. dxc5 Bxc5 9. O-O Nc6 10. Nxd5 Qxd5 11. Bxf6 Qh5 12. Bc3 Bg4 13. Qd2 Rad8 14. Ng3 Qh4 15. Qf4 Bd6 16. Nf5 Bxf4 17. Nxh4 Ne5 18. Be4 f5 19. Bxb7 g5 20. Rfe1 gxh4 21. Bxe5 Bd2 22. Reb1 h6 23. c4 Be2 24. Bd5+ Kh7 25. Bc3 Bg5 26. Re1 Bd3 27. f4 Bxf4 28. Re7+ Kg6 29. Rg7+ Kh5 30. Bf3# 1-0

[Event "*** SCC Grand Prix: Titled Tuesday Blitz"]
[Site "Chess.com"]
[Date "2020.08.25"]
[Round "6"]
[White "nickmatta"]
[Black "JuliaEfremova"]
[Result "0-1"]
[WhiteElo "2470"]
[BlackElo "2339"]
[TimeControl "180+1"]
[EndTime "11:07:32 PDT"]
[Termination "JuliaEfremova won by resignation"]

1. d4 e5 2. dxe5 Nc6 3. Nf3 Qe7 4. Bf4 Qb4+ 5. Bd2 Qxb2 6. Nc3 Bb4 7. Rb1 Qa3 8. Nd5 Bxd2+ 9. Qxd2 Kd8 10. Qg5+ Nge7 11. Qxg7 Rg8 12. Qxf7 Qa5+ 13. c3 Qxd5 14. Qxh7 Nxe5 15.
Rd1 Nxf3+ 16. exf3 Qe5+ 17. Be2 Qxc3+ 18. Kf1 Qg7 19. Qxg7 Rxg7 20. h4 d6 21. g4 Be6 22.
h5 Bxa2 23. h6 Rg8 24. h7 Rh8 25. f4 Kd7 26. Bd3 Raf8 27. f5 Rf7 28. f6 Rxf6 29. g5 Re6 30. f4 Bd5 31. Rg1 Be4 32. g6 Bxd3+ 33. Rxd3 Rxg6 34. Rh1 Rg7 35. Rdh3 Rf7 36. Rh4 Ng6 37. Rh6 Nxf4 38. Ke1 0-1

[Event "*** SCC Grand Prix: Titled Tuesday Blitz"]
[Site "Chess.com"]
[Date "2020.08.25"]
[Round "6"]
[White "FMJoseHerrera"]
[Black "ElGasanov"]
[Result "0-1"]
[WhiteElo "2505"]
[BlackElo "2745"]
[TimeControl "180+1"]
[EndTime "11:07:33 PDT"]
[Termination "ElGasanov won on time"]

1. Nf3 d5 2. g3 c6 3. Bg2 Bf5 4.
d3 e6 5. c3 h6 6. O-O Nf6 7.
Qb3 Qb6 8. Be3 Qa6 9. a4 Nbd7 10. Qa2 Be7 11. b4 O-O 12. Nbd2 Ng4 13. Rfb1 Nxe3 14. fxe3 Qb6 15. Nd4 a6 16. N2f3 Bh7 17.
Qd2 e5 18. Nb3 Bd6 19. c4 Bxb4 20. Qc1 dxc4 21. Nbd2 Qxe3+ 22. Kh1 a5 23. Nxc4 Qxe2 24. Rb2 Qxd3 25. Ncxe5 Nxe5 26. Nxe5 Qc3 27. Nc4 Rfe8 28.
Nb6 Rad8 29. Rf2 Qd4 0-1